 Dungeon Crawl Stone Soup version 0.31-a0-164-g2312942fda (webtiles) character file.

Game seed: 927062268302794376

47 Anon1729 the Trooper (level 3, 0/33 HPs)
             Began as a Minotaur Monk on June 13, 2023.
             Slain by a gnoll
             ... wielding a +0 spear
              (5 damage)
             ... on level 2 of the Dungeon.
             The game lasted 00:01:07 (1333 turns).

Anon1729 the Trooper (Minotaur Monk)                Turns: 1333, Time: 00:01:08

Health: 0/33       AC:  2    Str: 15    XL:     3   Next: 48%
Magic:  2/2        EV: 13    Int:  7    God:
Gold:   49         SH:  0    Dex: 14    Spells: 2/2 levels left

rFire   . . .        a - +0 short sword
rCold   . . .        d - orb {light}
rNeg    . . .        b - +0 robe
rPois   .            (helmet restricted)
rElec   .            (no cloak)
rCorr   .            (no gloves)
SInv    .            (no boots)
Will    .....        (no amulet)
Stlth   +            (no ring)
HPRegen 0.25/turn    (no ring)
MPRegen 0.08/turn

%: no passive effects
@: glowing
A: horns 2, retaliatory headbutt
a: no special abilities


You were on level 2 of the Dungeon.
You visited 1 branch of the dungeon, and saw 2 of its levels.

You collected 49 gold pieces.

Inventory:

Hand Weapons
 a - a +0 short sword (weapon)
Armour
 b - a +0 robe (worn)
 d - an orb of light (worn)
Jewellery
 n - a ring of willpower
Scrolls
 e - a scroll of poison
 f - a scroll of noise {unknown}
 g - a scroll of identify {unknown}
 h - 2 scrolls of teleportation {unknown}
 j - a scroll of amnesia {unknown}
 l - 2 scrolls of fog {unknown}
 m - a scroll of immolation {unknown}
 o - a scroll of summoning {unknown}
Potions
 c - a potion of ambrosia
 i - a potion of haste
 k - a potion of curing {unknown}


   Skills:
 + Level 4.0 Fighting
 + Level 3.7 Short Blades
 + Level 1.5 Armour
 + Level 3.7 Dodging
 + Level 1.1 Invocations


You had 2 spell levels left.
You didn't know any spells.
Your spell library contained the following spells:

 Spells                   Type           Power      Damage    Failure   Level
 Cigotuvi's Dreadful Rot  Necr/Pois/Air  0%         N/A       56%         2
 Dispel Undead            Necr           0%         3d6       99%         4
 Death Channel            Necr           0%         N/A       100%        6


Dungeon Overview and Level Annotations

Branches:
Dungeon (2/15)

Altars:


Innate Abilities, Weirdness & Mutations

You have a pair of horns on your head.
You reflexively headbutt those who attack you in melee.


Message History

No target in view!
You start resting.
A gnoll is nearby!
A gnoll is nearby!
A gnoll is nearby!
The gnoll hits you with a +0 spear.
Items here: )) [ †.
You hit the gnoll.
The gnoll is lightly wounded.
The gnoll hits you with a +0 spear!
You are too injured to fight recklessly!
You are too injured to fight recklessly!
You are too injured to fight recklessly!
You are too injured to fight recklessly!
You are too injured to fight recklessly!
You are too injured to fight recklessly!
You are too injured to fight recklessly!
You are too injured to fight recklessly!
You are too injured to fight recklessly!
You are too injured to fight recklessly!
You are too injured to fight recklessly!
You are too injured to fight recklessly!
A gnoll is nearby!
You hit the gnoll. You headbutt the gnoll.
The gnoll is moderately wounded.
You hit the gnoll but do no damage. Your headbutt misses the gnoll.
The gnoll is moderately wounded.
The gnoll misses you.
You hit the gnoll but do no damage.
The gnoll is moderately wounded.
The gnoll hits you with a +0 spear!
* * * LOW HITPOINT WARNING * * *
You hit the gnoll but do no damage. You headbutt the gnoll.
The gnoll is heavily wounded.
The gnoll completely misses you.
You hit the gnoll.
You headbutt the gnoll, but do no damage.
The gnoll is heavily wounded.
The gnoll hits you with a +0 spear.
You die...

#.......... ####+#+##
####g.#..#....
........#####g.gB.#.## .
........##..g.###.......
........+..########.###.
........#g>...........
........'.........#.###
.......g#########.#.#
.........g.#..@g#
########.#.#..#.#
#.#.#<.#.# #.#g####.#
#.#......# #.########
#.. ###


You could see a gnoll.

Vanquished Creatures
  2 gnolls (D:2)
  A dart slug (D:1)
  3 bats (D:1)
  An endoplasm (D:2)
  2 giant cockroaches (D:1)
  4 goblins (D:1)
  A hobgoblin (D:1)
  A quokka (D:2)
  A ball python (D:1)
  A frilled lizard (D:1)
  10 rats
27 creatures vanquished.

Notes
Turn   | Place    | Note
-------+----------+-------------------------------------------
     0 | D:1      | Anon1729 the Minotaur Monk began the quest for the Orb.
     0 | D:1      | Reached XP level 1. HP: 19/19 MP: 0/0
   110 | D:1      | Reached XP level 2. HP: 25/27 MP: 1/1
   315 | D:1      | Reached skill level 1 in Armour
  1318 | D:2      | Reached skill level 4 in Fighting
  1318 | D:2      | Reached skill level 1 in Invocations
  1318 | D:2      | Reached XP level 3. HP: 23/33 MP: 2/2
  1333 | D:2      | Slain by a gnoll

Illustrated notes

Levels and vault maps discovered:
D:1:      wander_arrival_abandoned_jail, layout_basic,
          nicolae_concentric_dashed_squares_wild,
          chequers_serial_rivers_small_a, chequers_serial_rivers_small_b,
          minmay_rat_gold_closets
D:2:      layout_basic, minmay_misc_feat_diagonals, nicolae_half_adder,
          uniq_terence

Skill      XL: |  1  2 |
---------------+-------+-----
Armour         | 1 |  1.5
Fighting       | 4 |  4.0
Invocations    | 1 |  1.1
Short Blades   | |  3.7
Dodging        | |  3.7

Action                     || total
---------------------------++-------
  Melee: Short sword       ||    62
         Headbutt          ||    14
    Use: Scroll            ||     1
         Potion            ||     1
 Armour: Robe              ||     5
  Dodge: Dodged            ||    28

Table legend: (Time is in decaauts)
 A = Elapsed time spent in this place.
 B = Non-inter-level travel time spent in this place.
 C = Inter-level travel time spent in this place.
 D = Time resting spent in this place.
 E = Time spent auto-exploring this place.
 F = Levels seen in this place.
 G = Mean time per level.
                   A        B        C        D        E       F      G
               +--------+--------+--------+--------+--------+-----+--------+
         Total |   1310 |   1263 |     47 |    186 |    926 |   2 |  655.0 |
       Dungeon |   1310 |   1263 |     47 |    186 |    926 |   2 |  655.0 |
               +--------+--------+--------+--------+--------+-----+--------+

Top non-repeatable levels by time:
     D:1: 1216 daAuts
     D:2: 94 daAuts
